 Dungeon Crawl Stone Soup version 0.28.0 (webtiles) character file.

Game seed: 11006332070821761760

2312 MercyWheel the Insei (level 9, -7/66 HPs)
             Began as a Merfolk Transmuter on Apr 24, 2022.
             Was an Initiate of Ru.
             Mangled by Harold (13 damage)
             ... on level 7 of the Dungeon.
             The game lasted 00:26:08 (9914 turns).

MercyWheel the Insei (Merfolk Transmuter)           Turns: 9914, Time: 00:26:08

Health: -7/66      AC:  2    Str: 11    XL:     9   Next: 41%
Magic:  13/15      EV: 23    Int: 14    God:    Ru [......]
Gold:   315        SH:  0    Dex: 21    Spells: 8/16 levels left

rFire   . . .      SeeInvis .     - Unarmed
rCold   . . .      Faith    .   (shield currently unavailable)
rNeg    . . .      Spirit   .   (armour currently unavailable)
rPois   x          Reflect  .   (helmet currently unavailable)
rElec   .          Harm     .   (cloak currently unavailable)
rCorr   .          Rampage  .   (gloves currently unavailable)
Will    .....                   (boots currently unavailable)
Stlth   ++........              (no amulet)
HPRegen 0.21/turn               (no ring)
MPRegen 0.14/turn               (no ring)

@: spider-form
A: venomous fangs, tiny, (nimble swimmer 2), (mertail)
a: End Transformation, Renounce Religion


You were on level 7 of the Dungeon.
You worshipped Ru.
Ru was noncommittal.
You were a venomous arachnid creature.
You visited 2 branches of the dungeon, and saw 8 of its levels.

You collected 351 gold pieces.
You spent 36 gold pieces at shops.

Inventory:

Hand Weapons
 d - a +0 hand crossbow
Missiles
 h - 18 poisoned darts
 j - 31 bolts
 y - 4 curare-tipped darts
Armour
 a - a +0 robe
 g - a +0 leather armour (melded)
 i - a +0 helmet
 t - a +0 cloak (melded)
 u - a +0 helmet (melded)
Wands
 w - a wand of digging (3)
Scrolls
 b - 4 scrolls of identify {unknown}
 c - a scroll of enchant weapon {unknown}
 e - a scroll of magic mapping {unknown}
 f - 4 scrolls of immolation {unknown}
 l - 2 scrolls of blinking {unknown}
 n - a scroll of fog {unknown}
 p - 3 scrolls of amnesia {unknown}
 q - 2 scrolls of torment {unknown}
 x - a scroll of teleportation {unknown}
Potions
 k - a potion of berserk rage {unknown}
 m - 4 potions of curing
 o - 2 potions of haste {unknown}
 r - a potion of attraction {unknown}
 s - a potion of mutation {unknown}
 v - a potion of lignification


   Skills:
 - Level 4.6 Fighting
 - Level 5.0 Dodging
 - Level 7.4 Unarmed Combat
 + Level 4.0 Spellcasting
 - Level 7.1 Transmutations
 * Level 5.6 Ice Magic
 - Level 4.1 Poison Magic


You had 8 spell levels left.
You knew the following spells:

 Your Spells              Type           Power      Damage    Failure   Level
a - Beastly Appendage     Tmut           44%        N/A       5%          1
b - Spider Form           Tmut/Pois      18%        N/A       17%         3
c - Ice Form              Ice/Tmut       20%        N/A       32%         4

Your spell library contained the following spells:

 Spells                   Type           Power      Damage    Failure   Level
 Wereblood                Tmut           22%        N/A       7%          2


Dungeon Overview and Level Annotations

Branches:
Dungeon (7/15)             Temple (1/1) D:6

Altars:
Ashenzari
Cheibriados
Elyvilon
Gozag
Hepliaklqana
Kikubaaqudgha
Makhleb
Nemelex Xobeh
Okawaru
Qazlal
Ru
Trog
Uskayaw
Vehumet
Wu Jian
Yredelemnul
The Shining One

Shops:
D:3 (   D:7 !

Annotations:
D:1 exclusion: downstairs
D:2 exclusion: downstairs
D:7 3 runed translucent doors, Caterwaul's ghost, novice DsMo; Harold


Innate Abilities, Weirdness & Mutations

You are a venomous arachnid creature.
You have poisonous fangs.
You are tiny and dextrous.
Your spellcasting is less reliable in this form.
Your armour is entirely melded.
You are incapable of wielding weapons or throwing items.
((You are very nimble when in or above water. (Stealth+, EV+, Speed+++)))
((Your lower body shifts to a powerful aquatic tail in water.))


Message History

There is an open door here.
You see here a +0 whip.
Magic restored.
Your transformation is almost over.
You warm up again.
Your +0 cloak unmelds from your body.
Your +0 helmet unmelds from your body.
Your +0 leather armour unmelds from your body.
You now have 351 gold pieces (gained 12).
There is an entrance to Wuxaqiaf's Distillery here.
m - 4 potions of curing (gained 1) Thank you for shopping at Wuxaqiaf's Distillery!
l - 2 scrolls labelled GUTURO YSINUL (gained 1) Harold the Weathered comes into view.
He is wielding a +0 halberd.
Harold shouts!
Okay, then.
Casting: Ice Form (dangerous; 19% risk of failure)
Confirm with . or Enter, or press ? or * to list all spells.
You turn into a venomous arachnid creature.
Your +0 cloak melds into your body.
Your +0 helmet melds into your body.
Your +0 leather armour melds into your body.
Harold throws a throwing net.
The throwing net closely misses you. Harold fires a harpoon shot at you.
The harpoon shot misses you.
Harold hits you from afar with a +0 halberd.
Harold hits you from afar with a +0 halberd!
Harold barely misses you.
You hit Harold.
Harold is poisoned.
Harold is lightly wounded.
Harold hits you with a +0 halberd!
You hit Harold.
Harold is lightly wounded.
Harold hits you with a +0 halberd!!
You hit Harold.
Harold looks as sick as possible!
Harold is moderately wounded.
Harold hits you with a +0 halberd!
* * * LOW HITPOINT WARNING * * *
You bite Harold!
Harold looks as sick as possible!
Harold is heavily wounded.
Harold hits you with a +0 halberd!
You die...

##### ....#
###########
##.##
#.........#####
#.#
#....(....s@..#
#.#
#..#######+##.#
#)# #..#
##)####..#
.........# #.##
.........# #..#
.........# #..#
.........# #..#
.........# #..#


You could see Harold (extremely poisoned).

Vanquished Creatures
  Sigmund (D:2)
  A water moccasin (D:7)
  2 orc warriors (D:7)
  2 black bears
  2 sky beasts
  An ice beast (D:6)
  An ogre (D:6)
  A centaur (D:5)
  A phantom (D:5)
  A kobold brigand (D:6)
  A bullfrog (D:5)
  A scorpion (D:6)
  A water moccasin skeleton (D:5)
  3 killer bees (D:7)
  A howler monkey (D:2)
  A bullfrog zombie (D:5)
  A jelly (D:4)
  Crazy Yiuf (D:3)
  4 hounds
  2 bullfrog skeletons
  A centaur skeleton (D:6)
  2 orc priests
  4 orc wizards
  2 iguanas (D:6)
  A killer bee zombie (D:7)
  A howler monkey zombie (D:7)
  4 adders
  A shadow imp (D:5)
  A white imp (D:7)
  An ufetubus (D:5)
  2 adder skeletons (D:4)
  2 worms (D:2)
  2 dart slugs (D:1)
  24 orcs
  9 endoplasms
  5 giant cockroaches
  8 goblins
  6 hobgoblins
  13 kobolds
  2 quokkas
  12 ball pythons
  5 bats
  9 rats
146 creatures vanquished.

Vanquished Creatures (others)
  A fungus (D:3)
  28 plants (D:2)
29 creatures vanquished.

Grand Total: 175 creatures vanquished

Notes
Turn   | Place    | Note
-------+----------+-------------------------------------------
     0 | D:1      | MercyWheel the Merfolk Transmuter began the quest for the
                  | Orb.
     0 | D:1      | Reached XP level 1. HP: 15/15 MP: 3/3
   353 | D:1      | Reached XP level 2. HP: 20/21 MP: 5/5
   377 | D:1      | Found a faded altar of an unknown god.
   843 | D:2      | Reached XP level 3. HP: 25/26 MP: 4/6
   928 | D:2      | Learned a level 3 spell: Spider Form
   981 | D:2      | Reached skill level 1 in Poison Magic
  1140 | D:2      | Noticed Sigmund
  1350 | D:1      | Reached XP level 4. HP: 32/32 MP: 5/7
  1949 | D:2      | Reached XP level 5. HP: 29/37 MP: 4/8
  2561 | D:3      | Found Xayh's Weapon Emporium.
  3251 | D:3      | Found a runed translucent door.
  3252 | D:3      | Noticed Crazy Yiuf
  3974 | D:4      | Noticed a black bear
  3982 | D:4      | Killed a black bear
  3983 | D:4      | Reached skill level 5 in Unarmed Combat
  3983 | D:4      | Reached XP level 6. HP: 34/46 MP: 5/9
  4147 | D:4      | Found a stormy altar of Qazlal.
  4985 | D:5      | Entered Level 5 of the Dungeon
  5050 | D:5      | Reached skill level 5 in Transmutations
  5186 | D:5      | Reached XP level 7. HP: 34/52 MP: 1/11
  6278 | D:3      | Reached skill level 5 in Dodging
  6674 | D:3      | Killed Crazy Yiuf
  6675 | D:3      | Reached XP level 8. HP: 58/58 MP: 8/12
  7881 | D:6      | Found a hide-covered altar of Uskayaw.
  8058 | D:6      | Found an opulent altar of Gozag.
  8058 | D:6      | Found a hazy altar of Hepliaklqana.
  8058 | D:6      | Found a snail-covered altar of Cheibriados.
  8187 | D:6      | Found a staircase to the Ecumenical Temple.
  8196 | Temple   | Entered the Ecumenical Temple
  8362 | Temple   | Became a worshipper of Ru the Awakened
  8734 | D:2      | Killed Sigmund
  8735 | D:2      | Reached XP level 9. HP: 66/66 MP: 12/15
  9048 | D:6      | Learned a level 4 spell: Ice Form
  9084 | D:7      | Found a runed translucent gate.
  9245 | D:7      | Reached skill level 5 in Ice Magic
  9679 | D:7      | Noticed Caterwaul's ghost (novice DsMo)
  9686 | D:7      | Found a runed translucent gate.
  9686 | D:7      | Found a runed translucent gate.
  9788 | D:7      | Found Wuxaqiaf's Distillery.
  9891 | D:7      | Bought a potion of curing for 36 gold pieces
  9904 | D:7      | Noticed Harold
  9914 | D:7      | Mangled by Harold

Illustrated notes

Levels and vault maps discovered:
D:1:      dpeg_arrival_central, layout_basic, basic_ecumenical_altar
D:2:      layout_loops_ring, serial_bayou_lake_a, uniq_sigmund
D:3:      minmay_chambers_of_twos, layout_basic, serial_shops,
          nicolae_shop_statue_plus, minmay_misc_feat_cross,
          uniq_crazy_yiuf_cottage
D:4:      layout_basic, mainiacjoe_overflow_small_starburst
D:5:      layout_basic
D:6:      layout_loops_ring, gammafunk_temple_overflow_forgotten,
          nicolae_uskayaw_dance_studio, minmay_temple_entry_enclosed_plants
D:7:      kennysheep_steamy, layout_basic, serial_shops, shop,
          gammafunk_ghost_split, minivault_25, uniq_pikel, uniq_harold
Temple:   minmay_temple_bridge_abc

Skill      XL: |  1  2  3  4  5  6  7  8  9 |
---------------+----------------------------+-----
Transmutations | 3 4 5 7 |  7.1
Unarmed Combat | 4 5 7 |  7.4
Poison Magic   | 2 3 4 |  4.1
Fighting       | 2 3 4 |  4.6
Dodging        | 3 5 |  5.0
Spellcasting   | 3 4 |  4.0
Ice Magic      | 5 |  5.6

Action                   |  1- 3 |  4- 6 |  7- 9 || total
-------------------------+-------+-------+-------++-------
Melee: Unarmed           |    68 |   180 |   240 ||   488
       Punch             |     2 |     5 |     3 ||    10
       Headbutt          |    11 |    18 |    10 ||    39
       Tailslap          |     1 |       |       ||     1
 Cast: Beastly Appendage |    18 |    26 |    12 ||    56
       Spider Form       |     1 |     5 |    19 ||    25
       Ice Form          |       |       |     1 ||     1
  Use: Potion            |       |     4 |     2 ||     6
 Stab: Sleeping          |       |     7 |       ||     7
Armor: Robe              |     3 |    16 |       ||    19
       Skin              |       |    14 |    11 ||    25
       Leather armour    |       |     3 |     8 ||    11
Dodge: Dodged            |    40 |   113 |   188 ||   341
